TOP OF THE 1ST |
Boise Hawks batting - Pitching for State College Spikes : LHP Jon Zaragoza
|
Pitching: LHP Jon Zaragoza
|
|
Batting: SHB Clayton Saunders
|
0-0: Ball 1-0: Fly out, F9 (Flyball, 9LD, EV 80.6 MPH)
|
Batting: RHB Carlos de Jesus
|
0-0: Ground out 3-1 (Groundball, 34, EV 84.4 MPH)
|
Batting: SHB Chris Besselman
|
0-0: Called Strike 0-1: SINGLE (Flyball, 89S, EV 95.0 MPH)
|
Batting: RHB Dan Hoffman
|
0-0: DOUBLE (Line Drive, 8LXD, EV 105.0 MPH) Chris Besselman to third
|
Batting: SHB Brad Madden
|
0-0: Foul Ball, location: 2F 0-1: SINGLE (Line Drive, 78M, EV 95.6 MPH) Chris Besselman scores Dan Hoffman to third
|
Batting: RHB Bob Hayes
|
0-0: Ball 1-0: Foul Ball, location: 2F 1-1: Hit by Pitch Brad Madden to second
|
Batting: LHB Jerry Santana
|
0-0: Swinging Strike 0-1: Swinging Strike 0-2: Foul Ball, location: 2F 0-2: Strikes out swinging
|
Top of the 1st over - 1 run, 3 hits, 0 errors, 3 left on base; Boise 1 - State College 0 |
BOTTOM OF THE 1ST |
State College Spikes batting - Pitching for Boise Hawks : RHP D.J. Pedroza
|
Pitching: RHP D.J. Pedroza
|
|
Batting: RHB Bobby Miles
|
0-0: Ball 1-0: Foul Ball, location: 2F 1-1: Ball 2-1: Ball 3-1: Called Strike 3-2: SINGLE (Line Drive, 4D, EV 97.5 MPH)
|
Batting: RHB Pat Scaturro
|
0-0: Called Strike 0-1: Ball Bobby Miles steals 2nd base 1-1: Swinging Strike 1-2: Ball 2-2: Ball 3-2: SINGLE (Line Drive, 78S, EV 105.0 MPH) Bobby Miles to third Runner from 3rd tries for Home, SAFE, throw by LF to home
|
Batting: LHB Ken Morehead
|
0-0: Called Strike 0-1: Ball 1-1: Fly out, F3 (Line Drive, 3L, EV 66.9 MPH) Lined into DP, U3 (Line Drive, 3L, EV 67.5 MPH)
|
Batting: RHB Sam Daw
|
0-0: Called Strike 0-1: Called Strike 0-2: Ball 1-2: Strikes out looking
|
Bottom of the 1st over - 1 run, 2 hits, 0 errors, 0 left on base; Boise 1 - State College 1 |
TOP OF THE 2ND |
Boise Hawks batting - Pitching for State College Spikes : LHP Jon Zaragoza
|
Batting: RHB Gashie Chimsima
|
0-0: DOUBLE (Line Drive, 9LM, EV 100.6 MPH)
|
Batting: RHB Aaron Burnet
|
0-0: Called Strike 0-1: Ball 1-1: Ground out 4-3 (Groundball, 34D, EV 86.9 MPH) Gashie Chimsima to third
|
Batting: SHB Clayton Saunders
|
0-0: Called Strike 0-1: Ball 1-1: Ground out 5-3 (Groundball, 56, EV 76.9 MPH) Gashie Chimsima scores
|
Batting: RHB Carlos de Jesus
|
0-0: Ball 1-0: Ball 2-0: Ball 3-0: Called Strike 3-1: Base on Balls
|
Batting: SHB Chris Besselman
|
0-0: Ball 1-0: Fly out, F9 (Line Drive, 89S, EV 87.5 MPH)
|
Top of the 2nd over - 1 run, 1 hit, 0 errors, 1 left on base; Boise 2 - State College 1 |
BOTTOM OF THE 2ND |
State College Spikes batting - Pitching for Boise Hawks : RHP D.J. Pedroza
|
Batting: LHB Jorge Zarazua
|
0-0: Called Strike 0-1: Foul Ball, location: 2F 0-2: Strikes out looking
|
Batting: SHB Bobby Mercado
|
0-0: Ball 1-0: Bunt missed! 1-1: Swinging Strike 1-2: Ground out 4-3 (Groundball, 4MS, EV 85.0 MPH)
|
Batting: RHB Ben Politi
|
0-0: Swinging Strike 0-1: Called Strike 0-2: Ground out 5-3 (Groundball, 25, EV 81.9 MPH)
|
Bottom of the 2nd over - 0 runs, 0 hits, 0 errors, 0 left on base; Boise 2 - State College 1 |
TOP OF THE 3RD |
Boise Hawks batting - Pitching for State College Spikes : LHP Jon Zaragoza
|
Batting: RHB Dan Hoffman
|
0-0: Ball 1-0: Foul Ball, location: 2F 1-1: Ball 2-1: Foul Ball, location: 2F 2-2: Fly out, F8 (Flyball, 89D, EV 99.4 MPH)
|
Batting: SHB Brad Madden
|
0-0: SINGLE (Groundball, 56D, EV 96.9 MPH)
|
Batting: RHB Bob Hayes
|
0-0: Ball 1-0: Ball 2-0: Fielders Choice at 2nd, 5-4 (Groundball, 56S, EV 87.5 MPH)
|
Batting: LHB Jerry Santana
|
0-0: Ball 1-0: Ball 2-0: Foul Ball, location: 2F 2-1: Ball 3-1: Foul Ball, location: 2F 3-2: Strikes out swinging
|
Top of the 3rd over - 0 runs, 1 hit, 0 errors, 1 left on base; Boise 2 - State College 1 |
BOTTOM OF THE 3RD |
State College Spikes batting - Pitching for Boise Hawks : RHP D.J. Pedroza
|
Batting: RHB Tim Cleary
|
0-0: Foul Ball, location: 2F 0-1: Ball 1-1: Ball 2-1: Ball 3-1: Base on Balls
|
Batting: RHB Mario Carbajal
|
0-0: Called Strike Tim Cleary steals 2nd base 0-1: Called Strike 0-2: Ball 1-2: Ball 2-2: Ball 3-2: Base on Balls
|
Batting: RHB Bobby Miles
|
0-0: Grounds into double play, 5-4-3 (Groundball, 5, EV 85.0 MPH) Tim Cleary to third
|
Batting: RHB Pat Scaturro
|
0-0: TRIPLE (Flyball, 78XD, EV 92.5 MPH) Tim Cleary scores
|
Batting: LHB Ken Morehead
|
0-0: Ball 1-0: Foul Ball, location: 2F 1-1: Foul Ball, location: 2F 1-2: Ball 2-2: Ball 3-2: Foul Ball, location: 2F 3-2: Foul Ball, location: 2F 3-2: Base on Balls
|
Batting: RHB Sam Daw
|
0-0: Called Strike 0-1: Foul Ball, location: 2F 0-2: Ball 1-2: Fly out, F9 (Flyball, 9S, EV 86.9 MPH)
|
Bottom of the 3rd over - 1 run, 1 hit, 0 errors, 2 left on base; Boise 2 - State College 2 |
TOP OF THE 4TH |
Boise Hawks batting - Pitching for State College Spikes : LHP Jon Zaragoza
|
Batting: RHB Gashie Chimsima
|
0-0: Swinging Strike 0-1: Ground out 4-3 (Groundball, 4S, EV 80.0 MPH)
|
Batting: RHB Aaron Burnet
|
0-0: Called Strike 0-1: Fly out, F7 (Flyball, 78M, EV 92.5 MPH)
|
Batting: SHB Clayton Saunders
|
0-0: Hit by Pitch
|
Batting: RHB Carlos de Jesus
|
0-0: Ball Clayton Saunders is caught stealing 2nd base 2-4
|
Top of the 4th over - 0 runs, 0 hits, 0 errors, 0 left on base; Boise 2 - State College 2 |
BOTTOM OF THE 4TH |
State College Spikes batting - Pitching for Boise Hawks : RHP D.J. Pedroza
|
Batting: LHB Jorge Zarazua
|
0-0: Swinging Strike 0-1: Ball 1-1: Foul Ball, location: 2F 1-2: Ball 2-2: Ball 3-2: Foul Ball, location: 2F 3-2: Base on Balls
|
Batting: SHB Bobby Mercado
|
0-0: Called Strike 0-1: Foul Ball, location: 2F 0-2: Foul Ball, location: 2F 0-2: Ball 1-2: Strikes out swinging
|
Batting: RHB Ben Politi
|
0-0: Called Strike 0-1: Called Strike Jorge Zarazua is caught stealing 2nd base 2-4 0-2: Ball 1-2: Strikes out swinging
|
Bottom of the 4th over - 0 runs, 0 hits, 0 errors, 0 left on base; Boise 2 - State College 2 |
TOP OF THE 5TH |
Boise Hawks batting - Pitching for State College Spikes : LHP Jon Zaragoza
|
Batting: RHB Carlos de Jesus
|
0-0: Fly out, F6 (Popup, P, EV 86.2 MPH)
|
Batting: SHB Chris Besselman
|
0-0: Ball 1-0: Ball 2-0: Called Strike 2-1: Swinging Strike 2-2: SINGLE (Line Drive, 6D, EV 95.0 MPH)
|
Batting: RHB Dan Hoffman
|
0-0: Ball Passed Ball! Chris Besselman to second 1-0: Fly out, F7 (Flyball, 7S, EV 82.5 MPH)
|
Batting: SHB Brad Madden
|
0-0: Called Strike 0-1: Foul Ball, location: 2F 0-2: Ball 1-2: Strikes out looking
|
Top of the 5th over - 0 runs, 1 hit, 0 errors, 1 left on base; Boise 2 - State College 2 |
BOTTOM OF THE 5TH |
State College Spikes batting - Pitching for Boise Hawks : RHP D.J. Pedroza
|
Batting: RHB Tim Cleary
|
0-0: Ball 1-0: Ball 2-0: Swinging Strike 2-1: Foul Ball, location: 2F 2-2: Ball 3-2: Strikes out swinging, 2-3 out at first.
|
Pitching: LHP Josh Alvarez
|
|
Batting: RHB Mario Carbajal
|
0-0: Ball 1-0: Ball 2-0: Ball 3-0: Base on Balls
|
Batting: RHB Bobby Miles
|
0-0: Called Strike 0-1: Swinging Strike 0-2: Strikes out swinging
|
Batting: RHB Pat Scaturro
|
0-0: Ball 1-0: Ball 2-0: Ball 3-0: Base on Balls Mario Carbajal to second
|
Batting: LHB Ken Morehead
|
0-0: Foul Ball, location: 2F 0-1: Ball 1-1: Ball 2-1: Foul Ball, location: 2F 2-2: Ball 3-2: Base on Balls Mario Carbajal to third Pat Scaturro to second
|
Batting: RHB Sam Daw
|
0-0: Ball 1-0: Ball 2-0: Ball 3-0: Base on Balls Mario Carbajal scores Pat Scaturro to third Ken Morehead to second
|
Batting: LHB Jorge Zarazua
|
0-0: Ball 1-0: SINGLE (Flyball, 9, EV 90.0 MPH) Pat Scaturro scores Ken Morehead to third Sam Daw to second
|
Batting: SHB Bobby Mercado
|
0-0: Ball 1-0: Ball 2-0: Ball 3-0: Base on Balls Ken Morehead scores Sam Daw to third Jorge Zarazua to second
|
Pitching: RHP Jim Crooks
|
|
Batting: RHB Ben Politi
|
0-0: Called Strike 0-1: Ball 1-1: Swinging Strike 1-2: Ball 2-2: DOUBLE (Flyball, 89D, EV 104.4 MPH) Sam Daw scores Jorge Zarazua scores Bobby Mercado to third Runner from 3rd tries for Home, SAFE, throw by RF to trailing runner, SAFE at third!
|
Batting: RHB Tim Cleary
|
0-0: Called Strike 0-1: SINGLE (Groundball, 6MD, EV 98.8 MPH) Ben Politi scores
|
Batting: RHB Mario Carbajal
|
0-0: Ground out 1-3 (Groundball, P, EV 71.2 MPH)
|
Bottom of the 5th over - 7 runs, 3 hits, 0 errors, 1 left on base; Boise 2 - State College 9 |
TOP OF THE 6TH |
Boise Hawks batting - Pitching for State College Spikes : LHP Jon Zaragoza
|
Batting: RHB Bob Hayes
|
0-0: Called Strike 0-1: Ball 1-1: Ground out 6-3 (Groundball, 6, EV 86.2 MPH)
|
Batting: LHB Jerry Santana
|
0-0: Called Strike 0-1: Foul Ball, location: 2F 0-2: Strikes out swinging
|
Batting: RHB Gashie Chimsima
|
0-0: SINGLE (Line Drive, 89S, EV 109.4 MPH)
|
Batting: RHB Aaron Burnet
|
0-0: Fielders Choice at 2nd, 6-4 (Groundball, 6, EV 111.9 MPH)
|
Top of the 6th over - 0 runs, 1 hit, 0 errors, 1 left on base; Boise 2 - State College 9 |
BOTTOM OF THE 6TH |
State College Spikes batting - Pitching for Boise Hawks : RHP Jim Crooks
|
Batting: RHB Bobby Miles
|
0-0: Ball 1-0: Ball 2-0: Ball 3-0: Called Strike 3-1: Called Strike 3-2: Base on Balls
|
Batting: RHB Pat Scaturro
|
0-0: Ball 1-0: Ball 2-0: Called Strike 2-1: Swinging Strike 2-2: Strikes out swinging
|
Batting: LHB Ken Morehead
|
0-0: Ball 1-0: Ball 2-0: Ball 3-0: Base on Balls Bobby Miles to second
|
Batting: RHB Sam Daw
|
0-0: Ball 1-0: SINGLE (Groundball, 5D, EV 100.6 MPH) Bobby Miles to third Ken Morehead to second Runner from 3rd tries for Home, SAFE, throw by LF to home
|
Batting: LHB Jorge Zarazua
|
0-0: Ball 1-0: Foul Ball, location: 2F 1-1: Ball Wild Pitch! Ken Morehead to third Sam Daw to second 2-1: Foul Ball, location: 2F 2-2: Foul Ball, location: 2F 2-2: Foul Ball, location: 2F 2-2: 3-RUN HOME RUN (Flyball, 9D, EV 94.4 MPH), Distance : 374 ft
|
Pitching: RHP Julio Marquez
|
|
Batting: SHB Bobby Mercado
|
0-0: Fly out, F2 (Popup, 5SF, EV 76.9 MPH)
|
Batting: RHB Ben Politi
|
0-0: Called Strike 0-1: Ball 1-1: Ball 2-1: Ball 3-1: Base on Balls
|
Batting: RHB Tim Cleary
|
0-0: Foul Ball, location: 2F 0-1: Foul Ball, location: 2F 0-2: Ball 1-2: Foul Ball, location: 2F 1-2: Ball 2-2: Ball 3-2: 2-RUN HOME RUN (Flyball, 7LD, EV 90.0 MPH), Distance : 343 ft
|
Batting: RHB Mario Carbajal
|
0-0: Foul Ball, location: 2F 0-1: Called Strike 0-2: Strikes out swinging
|
Bottom of the 6th over - 6 runs, 3 hits, 0 errors, 0 left on base; Boise 2 - State College 15 |
TOP OF THE 7TH |
Boise Hawks batting - Pitching for State College Spikes : LHP Jon Zaragoza
|
Batting: SHB Clayton Saunders
|
0-0: Called Strike 0-1: Foul Ball, location: 2F 0-2: Ground out 5-3 (Groundball, 5L, EV 78.1 MPH)
|
Batting: RHB Carlos de Jesus
|
0-0: Called Strike 0-1: Ball 1-1: Called Strike 1-2: Fly out, F7 (Flyball, 7LM, EV 86.2 MPH)
|
Batting: SHB Chris Besselman
|
0-0: Ball 1-0: Called Strike 1-1: Ball 2-1: Foul Ball, location: 2F 2-2: Foul Ball, location: 2F 2-2: Strikes out swinging
|
Top of the 7th over - 0 runs, 0 hits, 0 errors, 0 left on base; Boise 2 - State College 15 |
BOTTOM OF THE 7TH |
State College Spikes batting - Pitching for Boise Hawks : RHP Julio Marquez
|
Pinch Hitting: LHB Ken Compton
|
0-0: Ball 1-0: Called Strike 1-1: Ground out 6-3 (Groundball, 6S, EV 70.0 MPH)
|
Pinch Hitting: RHB Chris Norris
|
0-0: Swinging Strike 0-1: Ball 1-1: SINGLE (Groundball, 4MS, EV 60.0 MPH) (infield hit)
|
Batting: LHB Ken Morehead
|
0-0: Ball 1-0: Foul Ball, location: 2F 1-1: Ball 2-1: Foul Ball, location: 2F 2-2: Ball 3-2: Base on Balls Chris Norris to second
|
Batting: RHB Sam Daw
|
0-0: Ball 1-0: Ball 2-0: Ball 3-0: Base on Balls Chris Norris to third Ken Morehead to second
|
Batting: LHB Jorge Zarazua
|
0-0: Ball 1-0: Ball 2-0: Ball 3-0: Called Strike 3-1: Foul Ball, location: 2F 3-2: Base on Balls Chris Norris scores Ken Morehead to third Sam Daw to second
|
Batting: SHB Bobby Mercado
|
0-0: Swinging Strike 0-1: Called Strike 0-2: Strikes out swinging
|
Batting: RHB Ben Politi
|
0-0: Ball 1-0: TRIPLE (Flyball, 9LD, EV 108.1 MPH) Ken Morehead scores Sam Daw scores Jorge Zarazua scores
|
Pitching: RHP Don Carriere
|
|
Batting: RHB Tim Cleary
|
0-0: DOUBLE (Line Drive, 7LS, EV 88.1 MPH) Ben Politi scores
|
Batting: RHB Mario Carbajal
|
0-0: Called Strike 0-1: DOUBLE (Flyball, 89D, EV 100.0 MPH) Tim Cleary scores
|
Batting: LHB Ken Compton
|
0-0: Fly out, F3 (Line Drive, 3, EV 68.8 MPH)
|
Bottom of the 7th over - 6 runs, 4 hits, 0 errors, 1 left on base; Boise 2 - State College 21 |
TOP OF THE 8TH |
Boise Hawks batting - Pitching for State College Spikes : LHP Jon Zaragoza
|
Now at 2B: Chris Norris
|
|
Now in CF: Ken Compton
|
|
Batting: RHB Dan Hoffman
|
0-0: DOUBLE (Line Drive, 5D, EV 94.4 MPH)
|
Batting: SHB Brad Madden
|
0-0: Foul Ball, location: 2F 0-1: Called Strike 0-2: Ground out 5-3 (Groundball, 56, EV 101.2 MPH)
|
Batting: RHB Bob Hayes
|
0-0: Swinging Strike 0-1: Ball 1-1: Ball 2-1: Ball 3-1: TRIPLE (Line Drive, 8LXD, EV 107.5 MPH) Dan Hoffman scores
|
Pinch Hitting: RHB Brent Montagano
|
0-0: Ground out 4-3 (Groundball, 4, EV 101.9 MPH) Bob Hayes scores
|
Batting: RHB Gashie Chimsima
|
0-0: Ball 1-0: Fly out, F9 (Flyball, 9LS, EV 77.5 MPH)
|
Top of the 8th over - 2 runs, 2 hits, 0 errors, 0 left on base; Boise 4 - State College 21 |
BOTTOM OF THE 8TH |
State College Spikes batting - Pitching for Boise Hawks : RHP Don Carriere
|
Now in LF: John Clark
|
|
Now in RF: Clayton Saunders
|
|
Batting: RHB Chris Norris
|
0-0: Ball 1-0: Ball 2-0: Foul Ball, location: 2F 2-1: Foul Ball, location: 2F 2-2: Foul Ball, location: 2F 2-2: Ball 3-2: Ground out 6-3 (Groundball, 6M, EV 83.1 MPH)
|
Batting: LHB Ken Morehead
|
0-0: Ground out 4-3 (Groundball, 4M, EV 97.5 MPH)
|
Batting: RHB Sam Daw
|
0-0: Called Strike 0-1: Called Strike 0-2: Foul Ball, location: 2F 0-2: Foul Ball, location: 2F 0-2: Ground out 2-3 (Groundball, 2R, EV 68.1 MPH)
|
Bottom of the 8th over - 0 runs, 0 hits, 0 errors, 0 left on base; Boise 4 - State College 21 |
TOP OF THE 9TH |
Boise Hawks batting - Pitching for State College Spikes : LHP Jon Zaragoza
|
Batting: RHB Aaron Burnet
|
0-0: Ball 1-0: Ball 2-0: Swinging Strike 2-1: Ball 3-1: Ground out 4-3 (Groundball, 4, EV 82.5 MPH)
|
Pitching: LHP Daniel Aguayo
|
|
Batting: SHB Clayton Saunders
|
0-0: Ball 1-0: Ball 2-0: Ball 3-0: Called Strike 3-1: Called Strike 3-2: Foul Ball, location: 2F 3-2: Foul Ball, location: 2F 3-2: SINGLE (Groundball, 4MD, EV 103.1 MPH)
|
Batting: RHB Carlos de Jesus
|
0-0: Called Strike 0-1: Ball 1-1: Ball 2-1: Foul Ball, location: 2F 2-2: Foul Ball, location: 2F 2-2: Ball 3-2: DOUBLE (Line Drive, 7LM, EV 105.0 MPH) Clayton Saunders to third Clayton Saunders scores
|
Batting: SHB Chris Besselman
|
0-0: Swinging Strike 0-1: Ball 1-1: Swinging Strike 1-2: Ball 2-2: Ball 3-2: Foul Ball, location: 2F 3-2: Foul Ball, location: 2F 3-2: Fly out, F8 (Line Drive, 8RD, EV 110.0 MPH)
|
Batting: RHB Dan Hoffman
|
0-0: Foul Ball, location: 2F 0-1: Called Strike 0-2: Foul Ball, location: 2F 0-2: Ball 1-2: Foul Ball, location: 2F 1-2: Foul Ball, location: 2F 1-2: Ball 2-2: Foul Ball, location: 2F 2-2: Strikes out swinging
|
Top of the 9th over - 1 run, 2 hits, 0 errors, 1 left on base; Boise 5 - State College 21 |
|